[Event "VIII Open Semana Santa 2024"]
[Site "San Vicente del Raspeig"]
[Date "2024.04.01"]
[Round "9.12"]
[White "Levin, Guy"]
[Black "Badelka, Olga"]
[Result "1-0"]
[ECO "A28"]
[WhiteElo "2452"]
[BlackElo "2377"]
[Annotator "TA"]
[PlyCount "91"]
[EventDate "2024.03.27"]
[EventType "swiss"]
[EventCountry "ESP"]
[SourceTitle "playchess.com"]
[Source "ChessBase"]
[SourceQuality "1"]
[TimeControl "5400+30"]

1. c4 Nf6 2. Nc3 e5 3. Nf3 Nc6 4. a3 d5 5. cxd5 Nxd5 6. Qc2 Be7 7. e3 O-O 8. Nxd5 Qxd5 9. Bd3 h6 (9... Kh8 $11 {should be considered.}) 10. b4 $14 {[%emt 0:00:41] White is slightly better.} Bf6 11. Bb2 a6 (11... Qd6 $14) 12. Bh7+ $16 Kh8 13. Be4 Qd6 14. Bxc6 bxc6 15. d4 exd4 16. Bxd4 Bxd4 17. Nxd4 a5 18. Qxc6 Qxc6 19. Nxc6 axb4 20. Nxb4 c5 21. Nd3 c4 22. Nb4 f5 23. Kd2 {[%emt 0:03:49] Black is on the road to losing.} f4 {[%emt 0:03:27] [#]} (23... Rd8+ $142 24. Kc3 Ra4) 24. e4 $1 f3 {[%emt 0:00:39] [#]} 25. g3 Ra5 26. Rhc1 Be6 27. Ke3 g5 28. Nc6 Ra4 29. Nd4 Bg4 30. Rc3 Rb8 31. Rac1 (31. Nxf3 $6 Bxf3 32. Kxf3 Rb3 33. Rxb3 cxb3) 31... Rb2 32. Nxf3 ({Don't do} 32. Rxc4 Rxa3+ 33. R4c3 Ra8 34. Nxf3 Raa2) 32... Ra2 33. Nd4 (33. Rxc4 $2 Rxc4 (33... R2xa3+ $2 {perishes.} 34. R1c3 $18) 34. Rxc4 Rxa3+ 35. Kd4 Rxf3 $19) 33... R4xa3 34. f3 Bh5 35. h4 gxh4 36. gxh4 Bf7 37. Nf5 h5 (37... Ra6 {is a better defense.} 38. Rb1 Be6) 38. Nd6 $18 Bg8 39. Rxa3 Rxa3+ {[%emt 0:00:04][%mdl 4096] Endgame. KRB-KRN} 40. Kf4 Ra6 41. Ke5 ({Worse is} 41. Nxc4 Rc6 $17) 41... Rc6 42. Rc3 {[%emt 0:00:24] aiming for f4.} Kg7 $2 (42... Kh7 {was worth a try.} 43. f4 Rc7) 43. f4 {[%emt 0:00:36][%cal Bf3f4,Bf4f5][%mdl 32] White is clearly winning.} Kf8 44. f5 Ra6 45. Nxc4 Ke7 {[%emt 0:00:04] Prevents Nd6.} 46. Ne3 {[%emt 0:00:38] Weighted Error Value: White=0.08 (flawless) /Black=0.25 (precise) .  Mistake:       	---       	Black=5      Inaccurate:     	White=2     	Black=3      OK:         	White=20    	Black=13     Best:        	White=2     	---        Strong:       	White=1     	---} 1-0

[Event "VIII Open Semana Santa 2024"]
[Site "San Vicente del Raspeig"]
[Date "2024.04.01"]
[Round "9.13"]
[White "Domingo Nunez, Ruben"]
[Black "Colbow, Collin"]
[Result "0-1"]
[ECO "B22"]
[WhiteElo "2441"]
[BlackElo "2373"]
[Annotator "RC"]
[PlyCount "139"]
[EventDate "2024.03.27"]
[EventType "swiss"]
[EventCountry "ESP"]
[SourceTitle "playchess.com"]
[Source "ChessBase"]
[SourceQuality "1"]
[TimeControl "5400+30"]

1. e4 c5 2. c3 Nf6 3. e5 Nd5 4. d4 cxd4 5. Nf3 e6 6. cxd4 d6 7. a3 Be7 8. Bd3 Bd7 9. O-O Bc6 10. Nbd2 dxe5 11. dxe5 Ne3 12. fxe3 Qxd3 13. Nb3 Qxd1 14. Rxd1 Bd5 15. Nbd4 Nc6 16. Bd2 Bxf3 17. Nxf3 O-O-O 18. Kf2 Rd7 19. Bc3 Rhd8 20. Rxd7 Rxd7 21. Ke2 b5 22. Rf1 a5 23. Bd4 Rd5 24. Bc3 b4 25. axb4 axb4 26. Bd4 Kd7 27. Rd1 Kc7 28. Rc1 Kd7 29. Ra1 Ra5 30. Rd1 Kc7 31. Kd3 Ra2 32. Kc2 Ra5 33. Kb3 Rd5 34. Ra1 f6 35. exf6 gxf6 36. Kc4 f5 37. Ra8 Kd6 38. Bb6 h5 39. h3 Bf6 40. Nd4 f4 41. Nb5+ Kd7 42. exf4 Bxb2 43. Rf8 Rf5 44. Rxf5 exf5 45. Be3 h4 46. Bd2 Ke6 47. Kc5 Kd7 48. Kc4 Ke6 49. Nc7+ Kd6 50. Na6 Ba3 51. Nc5 Na5+ 52. Kb5 b3 53. Na4 Nc6 54. Nb6 Bc5 55. Na4 Ba3 56. Nb6 Bc5 57. Na4 Bd4 58. Be1 b2 59. Nxb2 Bxb2 60. Bxh4 Bc1 61. Bg5 Nd4+ 62. Kc4 Ne6 63. Bf6 Nxf4 64. g4 Nd5 65. Bd4 f4 66. Kd3 Be3 67. Bxe3 fxe3 68. h4 Ke5 69. h5 Kf4 70. h6 0-1

[Event "VIII Open Semana Santa 2024"]
[Site "San Vicente del Raspeig"]
[Date "2024.04.01"]
[Round "9.14"]
[White "Espinosa Aranda, Angel"]
[Black "Mamedov, Edgar"]
[Result "1/2-1/2"]
[ECO "A13"]
[WhiteElo "2440"]
[BlackElo "2317"]
[Annotator "RC"]
[PlyCount "29"]
[EventDate "2024.03.27"]
[EventType "swiss"]
[EventCountry "ESP"]
[SourceTitle "playchess.com"]
[Source "ChessBase"]
[SourceQuality "1"]
[TimeControl "5400+30"]

1. c4 e6 2. g3 d5 3. Bg2 Nf6 4. Nf3 dxc4 5. Qa4+ Bd7 6. Qxc4 c5 7. Ne5 Qc8 8. O-O Nc6 9. Nxd7 Qxd7 10. Qc2 Be7 11. Nc3 O-O 12. b3 Rac8 13. Bb2 b6 14. Rac1 Rfd8 15. d3 1/2-1/2

[Event "VIII Open Semana Santa 2024"]
[Site "San Vicente del Raspeig"]
[Date "2024.04.01"]
[Round "9.15"]
[White "Adhiban, B.."]
[Black "Dauner, Benedikt"]
[Result "1/2-1/2"]
[ECO "B01"]
[WhiteElo "2541"]
[BlackElo "2366"]
[Annotator "TA"]
[PlyCount "136"]
[EventDate "2024.03.27"]
[EventType "swiss"]
[EventCountry "ESP"]
[SourceTitle "playchess.com"]
[Source "ChessBase"]
[SourceQuality "1"]
[TimeControl "5400+30"]

1. e4 d5 2. exd5 Qxd5 3. Nc3 Qd6 4. d4 Nf6 5. Nf3 Nc6 6. Nb5 {[%emt 0:00:59] B01: Scandinavian Defence.} Qd8 7. c4 Bg4 8. d5 a6 9. Nc3 Ne5 10. Be2 Bxf3 11. Bxf3 Qd7 12. O-O Nxf3+ 13. Qxf3 Qg4 $146 ({Predecessor:} 13... g6 14. Re1 Bg7 15. Bg5 O-O 16. Rad1 b5 17. c5 b4 18. c6 Qc8 19. Ne4 Qd8 {1-0 Kotenko,P (2367)-Mescheryakov,A (1974) Astrakhan op 2013 (4)}) 14. Qxg4 Nxg4 15. Bf4 O-O-O 16. Rfe1 Rg8 17. h3 Nf6 $1 18. Rad1 g5 19. Be3 Rg6 20. g4 Nd7 21. b3 h6 22. Bd4 Re8 23. Ne4 e6 24. Ng3 Bd6 25. Kg2 Bxg3 26. Kxg3 Kd8 27. Bc3 exd5 28. Rxe8+ Kxe8 29. Rxd5 Re6 30. Kf3 f6 31. h4 c6 32. Rd1 Ne5+ 33. Bxe5 Rxe5 34. Rh1 b5 35. cxb5 cxb5 36. hxg5 hxg5 37. Rh7 b4 38. Rb7 a5 39. Ra7 Kf8 40. Kg2 Kg8 41. Kg3 Kf8 42. Kg2 Kg8 43. Kg3 Kf8 44. f3 Kg8 45. Kf2 Kf8 46. f4 gxf4 47. Kf3 Kg8 48. Kxf4 Rc5 49. Ke4 Rg5 50. Kf3 Rd5 51. Kf4 Rc5 52. Rd7 Re5 53. Rd2 Kg7 54. Rh2 a4 55. bxa4 Ra5 56. Ke4 Rxa4 57. Kd5 Kg6 58. Kc4 Kg5 59. Rg2 b3+ 60. Kxb3 Rxg4 61. Rxg4+ Kxg4 62. a4 f5 63. a5 f4 64. a6 f3 65. a7 f2 66. a8=Q f1=Q 67. Qe4+ Qf4 68. Qxf4+ Kxf4 1/2-1/2

[Event "VIII Open Semana Santa 2024"]
[Site "San Vicente del Raspeig"]
[Date "2024.04.01"]
[Round "9.16"]
[White "Makhnev, Denis"]
[Black "Ruiz Buendia, Miguel"]
[Result "1-0"]
[ECO "A07"]
[WhiteElo "2516"]
[BlackElo "2366"]
[Annotator "TA"]
[PlyCount "63"]
[EventDate "2024.03.27"]
[EventType "swiss"]
[EventCountry "ESP"]
[SourceTitle "playchess.com"]
[Source "ChessBase"]
[SourceQuality "1"]
[TimeControl "5400+30"]

1. Nf3 d5 2. g3 g6 3. Bg2 Bg7 4. d3 Nd7 5. Nc3 c6 6. e4 dxe4 7. dxe4 e5 8. Be3 {[%emt 0:02:13] White is slightly better.} Ngf6 9. h3 Qc7 10. a4 a5 11. Nd2 Nb6 {[%emt 0:04:09] Repels Nc4} 12. O-O O-O 13. Qe2 Rd8 14. f4 exf4 15. gxf4 Nh5 16. Qf2 Nd7 17. e5 Bf8 (17... f6 $14) 18. Nde4 Ng7 {[%emt 0:00:40] [#]} 19. Nf6+ $1 Kh8 {[%emt 0:03:20] [#]} 20. Nxd7 $1 Qxd7 21. Bb6 Re8 22. Ne4 {[%emt 0:00:07] White is more active.} Qf5 {[%emt 0:02:59] Black is weak on the dark squares} 23. Rad1 (23. Nf6 $16) 23... Be7 $1 $14 {[%emt 0:00:52] Wards off Qh4} 24. Bc5 $36 {[%emt 0:02:40][%mdl 2048] Black must now prevent Bxe7. White is more active.} Bxc5 {[%emt 0:02:41] A mistake that costs the game.} (24... Qe6 $1 $14) 25. Qxc5 $18 Ne6 26. Qf2 {[%emt 0:00:18] Threatens to win with Nd6.} Rd8 (26... Rf8 27. Ng3 Qxf4) 27. Ng3 {[%emt 0:00:46] White is clearly winning.} Rxd1 28. Nxf5 Rxf1+ 29. Bxf1 gxf5 30. Qh4 Bd7 31. Qf6+ Kg8 32. Qxf5 {[%emt 0:00:09] Weighted Error Value: White=0.26 (precise) /Black=0.29 (precise) .  Loses game:     	---       	Black=1      Mistake:       	White=1     	Black=2      Inaccurate:     	White=3     	Black=6      OK:         	White=5     	Black=6      Best:        	White=3     	Black=2      Strong:       	White=2     	Black=1} 1-0

[Event "VIII Open Semana Santa 2024"]
[Site "San Vicente del Raspeig"]
[Date "2024.04.01"]
[Round "9.17"]
[White "Cesar Maestre, Bernardo"]
[Black "Bora, Safal"]
[Result "1/2-1/2"]
[ECO "C11"]
[WhiteElo "2381"]
[BlackElo "2490"]
[Annotator "TA"]
[PlyCount "104"]
[EventDate "2024.03.27"]
[EventType "swiss"]
[EventCountry "ESP"]
[SourceTitle "playchess.com"]
[Source "ChessBase"]
[SourceQuality "1"]
[TimeControl "5400+30"]

1. e4 e6 2. d4 d5 3. Nc3 Nf6 4. e5 Nfd7 5. f4 c5 6. Nf3 a6 7. Ne2 {[%emt 0:01:03] C11: French: Classical System: 4 e5 and 4 Bg5 dxe4.} Nc6 8. Be3 b5 9. h4 Be7 10. h5 $146 ({Predecessor:} 10. c3 b4 11. c4 cxd4 12. Nexd4 Nxd4 13. Nxd4 Bxh4+ 14. Kd2 Be7 15. Nc6 Qc7 16. Nxe7 {1-0 Horvath,D (2523)-Terry,R (2520) Titled Tuesday intern op 06th Jun Early blitz 2023 (9)}) 10... b4 11. g4 a5 12. c3 bxc3 13. bxc3 cxd4 14. Nexd4 Nxd4 15. Bxd4 Nc5 16. Rb1 O-O 17. Qc2 Ne4 18. Bd3 Ba6 19. Bxe4 dxe4 20. Qxe4 Bc4 21. Rh2 Qd5 22. Ng5 Qxe4+ 23. Nxe4 Bd3 24. Rb7 Bxe4 25. Rxe7 Rfb8 26. Kf2 Rb1 27. Kg3 (27. h6 {is interesting.} a4 28. hxg7 Rb2+ 29. Kg3) 27... a4 (27... Rf1 $11 {keeps the balance.}) 28. Ra7 (28. Re2 $16 Bb7 29. c4) 28... Rxa7 $11 29. Bxa7 h6 30. Bc5 Rc1 31. Bd4 Bd5 32. a3 Ra1 33. Bc5 Rc1 34. Bd4 Ra1 35. Bc5 Rd1 36. Bd4 Kf8 37. Rb2 Bb3 38. f5 Ke8 (38... exf5 $11 39. gxf5 Rf1) 39. Rf2 Rg1+ 40. Rg2 Ra1 41. Bc5 Rc1 42. Bd4 Kd7 {[%emt 0:00:50] [#]} (42... Ra1 $11) 43. Rg1 ({Better is} 43. f6 $1 $16 gxf6 44. exf6) 43... Rc2 44. Rg2 Rc1 45. Rg1 Rc2 46. Rg2 (46. f6 $14 gxf6 47. exf6) 46... Rxg2+ 47. Kxg2 Bd1 {[%emt 0:00:04] [#]} (47... exf5 $11 48. e6+ (48. gxf5 Bd1 $11) 48... Kxe6 (48... fxe6 49. Bxg7 Ke7 50. Bxh6 $14)) 48. Kg3 (48. f6 $1 $16 gxf6 49. Kh3) 48... exf5 $11 49. gxf5 Bxh5 50. e6+ fxe6 51. fxe6+ Kxe6 52. Bxg7 Kd5 1/2-1/2

[Event "VIII Open Semana Santa 2024"]
[Site "San Vicente del Raspeig"]
[Date "2024.04.01"]
[Round "9.18"]
[White "Beydullayeva, Govhar"]
[Black "Solodovnichenko, Yuri"]
[Result "1/2-1/2"]
[ECO "A40"]
[WhiteElo "2374"]
[BlackElo "2481"]
[Annotator "RC"]
[PlyCount "167"]
[EventDate "2024.03.27"]
[EventType "swiss"]
[EventCountry "ESP"]
[SourceTitle "playchess.com"]
[Source "ChessBase"]
[SourceQuality "1"]
[TimeControl "5400+30"]

1. d4 e6 2. c4 b6 3. e4 Bb7 4. Bd3 Nc6 5. Nf3 Nb4 6. Nc3 Nxd3+ 7. Qxd3 Ne7 8. d5 Ng6 9. Be3 Bd6 10. h4 O-O 11. O-O-O f5 12. exf5 Rxf5 13. Nd4 Rf8 14. dxe6 Nf4 15. Qc2 dxe6 16. Ne4 Qe8 17. g3 e5 18. Nb5 Ne2+ 19. Kb1 Qg6 20. Nexd6 Qxc2+ 21. Kxc2 Bxh1 22. Nxc7 Rad8 23. Ne6 Nd4+ 24. Nxd4 Rxd6 25. Nb5 Be4+ 26. Kc1 Rxd1+ 27. Kxd1 Rd8+ 28. Kc1 Rd7 29. b3 Kf7 30. a4 Bf3 31. Kb2 Ke6 32. Nc3 Rc7 33. Nb5 Rb7 34. Nc3 h6 35. b4 Bg2 36. Kb3 Bf1 37. Ne4 Bd3 38. Nd2 Be2 39. Ne4 Bd1+ 40. Ka3 Bc2 41. Nc3 Bd3 42. Kb3 Rc7 43. c5 bxc5 44. Bxc5 a6 45. Be3 Rb7 46. Bc5 Rb8 47. Nd1 a5 48. Nb2 Be2 49. Nc4 axb4 50. Nb6 g5 51. hxg5 hxg5 52. Kxb4 g4 53. Kc3 Rd8 54. a5 Rd1 55. Kb2 Bb5 56. Be3 Kd6 57. Nc8+ Kd7 58. Nb6+ Kc7 59. Kc3 Kc6 60. Nc4 Kd5 61. Nd2 Ra1 62. Nb3 Ra4 63. Bb6 Rc4+ 64. Kb2 Rc8 65. Ka3 Kc4 66. Nd2+ Kd3 67. Nb3 Ke2 68. Kb4 Bd3 69. Nc5 e4 70. a6 Bxa6 71. Nxa6 Rc6 72. Kb5 Rxb6+ 73. Kxb6 Kxf2 74. Kc5 Kxg3 75. Nb4 Kf3 76. Kd4 e3 77. Nc2 e2 78. Kd3 Kf2 79. Kd2 g3 80. Ne1 Kf1 81. Nc2 g2 82. Ne3+ Kf2 83. Nxg2 Kxg2 84. Kxe2 1/2-1/2

[Event "VIII Open Semana Santa 2024"]
[Site "San Vicente del Raspeig"]
[Date "2024.04.01"]
[Round "9.19"]
[White "Ilinca, Felix-Antonio"]
[Black "Macias Pino, Diego"]
[Result "1/2-1/2"]
[ECO "B90"]
[WhiteElo "2373"]
[BlackElo "2477"]
[Annotator "RC"]
[PlyCount "159"]
[EventDate "2024.03.27"]
[EventType "swiss"]
[EventCountry "ESP"]
[SourceTitle "playchess.com"]
[Source "ChessBase"]
[SourceQuality "1"]
[TimeControl "5400+30"]

1. e4 c5 2. Nf3 d6 3. d4 cxd4 4. Nxd4 Nf6 5. Nc3 a6 6. Rg1 e5 7. Nb3 h5 8. Be3 Be6 9. h3 Nbd7 10. Qd2 Rc8 11. O-O-O b5 12. f4 h4 13. Bd3 Qc7 14. Kb1 Nb6 15. Qf2 Nc4 16. Bxc4 Bxc4 17. Bb6 Qb8 18. Na5 b4 19. fxe5 dxe5 20. Nd5 Bxd5 21. exd5 Nd7 22. Be3 Bd6 23. g3 hxg3 24. Rxg3 Rh7 25. Qf5 Nf8 26. Rg4 g6 27. Qf6 Nd7 28. Qf3 Qb5 29. Nc6 Rc7 30. Qf2 Rxh3 31. Rh4 Rxh4 32. Qxh4 Rc8 33. Bg5 Bf8 34. Be7 Bg7 35. Bxb4 Nf6 36. c4 Qb7 37. Re1 Rxc6 38. Rxe5+ Re6 39. dxe6 Qxb4 40. Qd4 fxe6 41. Rxe6+ Kf7 42. Re2 Qb7 43. a3 g5 44. Qe5 g4 45. Qe6+ Kg6 46. c5 Qh1+ 47. Re1 Qh2 48. c6 Qc7 49. Rc1 Bh6 50. Rf1 Bf4 51. Qc4 Be5 52. Qd3+ Kg7 53. Qf5 g3 54. Re1 Bd4 55. Qf3 Be5 56. Qe2 Bf4 57. Qxa6 Qd6 58. Qc4 Be5 59. c7 Qxc7 60. Qxc7+ Bxc7 61. Re7+ Kg6 62. Rxc7 Kf5 63. a4 g2 64. Rc1 Ke4 65. b4 Nd5 66. Rg1 Kf3 67. a5 Nxb4 68. Kb2 Kf2 69. Rxg2+ Kxg2 70. Kb3 Nc6 71. a6 Kf3 72. Kc4 Ke2 73. Kc5 Na7 74. Kb6 Nc8+ 75. Kc7 Na7 76. Kb7 Nb5 77. Kb6 Nd6 78. a7 Nc8+ 79. Kb7 Nxa7 80. Kxa7 1/2-1/2

[Event "VIII Open Semana Santa 2024"]
[Site "San Vicente del Raspeig"]
[Date "2024.04.01"]
[Round "9.20"]
[White "Schulman, Julia"]
[Black "Martinez Sanchez, Antonio Manuel"]
[Result "0-1"]
[ECO "C06"]
[WhiteElo "1732"]
[BlackElo "2048"]
[Annotator "ChessBase"]
[PlyCount "134"]
[EventDate "2024.03.27"]
[EventType "swiss"]
[EventCountry "ESP"]
[SourceTitle "playchess.com"]
[Source "ChessBase"]
[SourceQuality "1"]
[TimeControl "5400+30"]

1. e4 e6 2. d4 d5 3. Nd2 Nf6 4. e5 Nfd7 5. Bd3 c5 6. c3 Nc6 7. Ne2 cxd4 8. cxd4 f6 9. exf6 Nxf6 10. Nf3 Bd6 11. O-O O-O 12. Re1 Bd7 13. Ng3 Qb6 14. a3 Rae8 15. Rb1 e5 16. dxe5 Nxe5 17. Nxe5 Bxe5 18. Be3 d4 19. Bd2 Ng4 20. f4 Bb8 21. Rxe8 Rxe8 22. h3 Ne3 23. Bxe3 Rxe3 24. Nf1 Re8 25. Qh5 g6 26. Qd5+ Be6 27. Qb5 Qxb5 28. Bxb5 Rd8 29. Re1 Kf7 30. Nd2 Bf5 31. g4 Bxf4 32. Rf1 Bxd2 33. gxf5 g5 34. Rd1 Be3+ 35. Kg2 Kf6 36. Bd3 Rc8 37. Kf3 h5 38. Rh1 Rc5 39. Rf1 Ke5 40. Kg3 Rc1 41. Rf3 Rg1+ 42. Kh2 Rd1 43. f6 Rd2+ 44. Kh1 g4 45. Rf5+ Ke6 46. f7 Bh6 47. Be4 Bf8 48. Rxh5 gxh3 49. Bd5+ Kd6 50. b3 Rf2 51. Bc4 Bg7 52. Rxh3 Ke5 53. Rh7 Bf8 54. a4 Ke4 55. Rh4+ Ke3 56. Rh3+ Rf3 57. Rh8 Bc5 58. Re8+ Kd2 59. Kg2 Rf6 60. Re2+ Kc3 61. Re1 d3 62. Rc1+ Kd2 63. Rb1 Kc2 64. Ra1 d2 65. Ra2+ Kc3 66. Ra1 Kb2 67. Rd1 Kc2 0-1